AoeStats
← Rragnar716

Arabia

504821782Analyzed
2v2 RM · 25d ago on Sep 6, 2026· 51m 42s· 4 players
Game mode
Random Map
Map size
Medium (4 player)
Population
200
Speed
Normal
Resources
Standard
Victory
Conquest
Starting age
Dark Age
Ending age
Imperial Age
RankedLock teamsTeams togetherTeam positionsShared explorationLock speedFull tech treeHidden civsTurbo modeCheats
Victory
Defeat
🇺🇸 Koreans · United States
1000
+48
🇺🇸 Franks · United States
1000
+48
🇲🇽 Persians · Mexico
1000
-48
🇲🇽 Franks · Mexico
1000
-48
Sara
11:03 Feudal Age
11:27 Double-Bit Axe
11:25 Horse Collar
20:33 Forging
24:17 Castle Age
25:34 Heavy Plow
25:28 Pikeman
25:31 Crossbowman
26:52 Iron Casting
26:11 Fletching
27:31 Bow Saw
27:46 Gold Mining
28:16 Stone Mining
30:36 Stone Shaft Mining
30:37 Gold Shaft Mining
30:44 Wheelbarrow
31:46 Hand Cart
34:33 Scale Mail Armor
38:31 Scale Barding Armor
Rragnar716
10:39 Feudal Age
11:22 Man-at-Arms
13:05 Wheelbarrow
13:52 Double-Bit Axe
16:13 Scale Barding Armor
26:36 Castle Age
26:39 Forging
27:58 Hand Cart
27:54 Loom
27:39 Elite Skirmisher
29:56 Husbandry
30:29 Bow Saw
32:03 Chain Barding Armor
34:13 Gold Mining
34:14 Stone Mining
42:02 Pikeman
46:05 Gold Shaft Mining
50:42 #83
BC509
12:46 Feudal Age
13:47 Man-at-Arms
19:11 Forging
19:02 Scale Mail Armor
21:43 Loom
25:49 Castle Age
27:22 Long Swordsman
28:49 Pikeman
29:28 Double-Bit Axe
32:22 Gambesons
32:40 Squires
32:46 Squires
39:38 Iron Casting
39:18 Chain Mail Armor
41:24 Fletching
42:22 Horse Collar
49:53 Imperial Age
47:42 Bow Saw
49:43 Gold Mining
50:01 Halberdier
50:29 Arson
51:19 Plate Mail Armor
50:17 Two-Handed Swordsman
Ratar
9:12 Loom
11:14 Feudal Age
18:53 Wheelbarrow
20:46 Castle Age
18:34 Double-Bit Axe
21:23 Gold Mining
25:13 Husbandry
25:21 Scale Barding Armor
26:27 Chain Barding Armor
26:21 Bow Saw
26:36 Hand Cart
27:02 Fletching
27:15 Town Watch
33:56 #83
39:02 Imperial Age
36:50 Forging
36:37 Bodkin Arrow
37:43 Padded Archer Armor
40:47 Town Patrol
41:58 Conscription
41:25 Cavalier
45:17 Paladin
Connection lost

Rejoining the realm…

Still unreachable

The connection could not be restored.

Session expired

The server has moved on; the page needs a fresh start.